Map: Terrasses de Prion

Players

zidar

  • Race: Zerg Zerg
  • League: Silver
  • Spawn Location: 11:00

SveskeDyret - Winner!

  • Race: Terran Terran
  • League: Silver
  • Spawn Location: 5:00

VOD

Have the link to the VOD?

Description

Time

  • Played on: Nov. 25, 2015, 3:33 p.m.
  • Length: 20:02
Show
View Real Time Build Order
Export as new Build Order

zidar Zerg 

Build Orders: Pool First 

Get SALT Encoding   

  12  0:03  Drone  
  13  0:11  Drone  
  14  0:17  Overlord  
  14  0:23  Extractor, Drone  
  16  0:35  Drone  
  16  0:36  Drone  
  17  0:48  Spawning Pool  
  16  0:50  Drone  
  17  1:11  Hatchery  
  17  1:15  Drone  
  17  1:25  Extractor, Drone  
  17  1:28  Drone  
  18  1:37  Queen  
  20  1:41  Drone  
  20  1:42  Drone  
  22  2:14  Overlord  
  22  2:20  Hatchery  
  21  2:27  Queen  
  23  2:49  Zergling x2  
  23  2:50  Zergling x14  
  23  2:51  Zergling x2  
  32  3:31  Metabolic Boost  
  32  3:40  Baneling Nest  
  32  3:41  Queen  
  31  3:45  Zergling x2  
  31  3:46  Zergling x14  
  41  3:53  Overlord  
  41  3:57  Overlord  
  41  4:23  Zergling x2  
  42  4:24  Zergling x12  
  48  4:32  Zergling x2  
  48  4:33  Zergling x4  
  50  4:59  Zergling x2  
  51  5:00  Zergling x12  
  50  5:49  Queen  
  47  5:50  Queen x2  
  49  6:02  Spore Crawler  
  45  6:04  Spore Crawler  
  41  6:13  Spore Crawler  
  36  6:22  Spore Crawler  
  33  6:25  Queen  
  37  6:35  Drone  
  37  6:36  Drone x4  
  37  6:38  Drone  
  43  6:52  Lair  
  40  7:27  Drone  
  40  7:28  Drone x9  
  49  7:54  Evolution Chamber  
  47  8:06  Extractor  
  47  8:07  Extractor  
  47  8:09  Drone x3  
  47  8:10  Drone x2  
  50  8:20  Extractor  
  42  9:06  Centrifical Hooks  
  42  9:10  Overlord x2  
  42  9:11  Overlord x2  
  42  9:35  Drone x8  
  42  9:36  Drone x11  
  61  9:59  Drone  
  62  10:00  Drone x11  
  62  10:05  Extractor  
  72  10:08  Extractor  
  71  10:21  Spire  
  70  10:22  Zerg Melee Weapons Level 1  
  70  10:31  Evolution Chamber  
  69  10:43  Overlord  
  69  10:44  Overlord x3  
  69  10:47  Hatchery  
  68  11:01  Drone  
  68  11:02  Drone x4  
  68  11:03  Drone  
  74  11:07  Zergling x2  
  74  11:08  Zergling x16  
  83  11:31  Zergling x2  
  83  11:32  Zergling x10  
  89  11:34  Baneling x7  
  89  11:36  Hatchery  
  89  11:39  Zerg Ground Armor Level 1  
  88  12:01  Infestation Pit  
  87  12:20  Mutalisk x6  
  87  12:21  Mutalisk x6  
  111  12:48  Mutalisk  
  111  12:49  Mutalisk x2  
  111  12:51  Overlord x4  
  117  12:52  Overlord x2  
  116  12:59  Zergling x2  
  116  13:00  Zergling x2  
  118  13:10  Zergling x2  
  118  13:11  Zergling x32  
  135  13:18  Zerg Melee Weapons Level 2  
  135  13:24  Mutalisk x7  
  149  13:29  Baneling  
  149  13:30  Baneling x12  
  149  13:39  Mutalisk x2  
  149  13:40  Mutalisk x4  
  112  14:05  Zergling x2  
  112  14:06  Zergling x28  
  104  15:43  Zergling x2  
  104  15:44  Zergling x16  
  72  16:51  Zergling x22  
  72  16:52  Zergling x6  
  78  17:12  Extractor  
  78  17:15  Extractor  
  76  17:21  Corruptor x2  
  76  17:22  Corruptor x3  
  82  17:23  Corruptor  
  88  17:33  Hatchery  
  89  17:43  Zerg Ground Armor Level 2  
  87  17:45  Zerg Flyer Weapons Level 1  
  87  17:50  Zergling x2  
  87  17:51  Zergling x22  
  99  17:56  Corruptor  
  101  18:03  Baneling x8  
  101  18:04  Baneling  
  101  18:05  Baneling x7  
  101  18:09  Zergling x16  
  109  18:32  Zergling x12  
  115  18:38  Corruptor x2  
  119  18:42  Hive  
  119  19:01  Corruptor  
  119  19:02  Corruptor x3  
  123  19:03  Corruptor x3  
  123  19:04  Corruptor  
  135  19:13  Mutalisk  
  137  19:45  Hatchery  
Show
View Real Time Build Order
Export as new Build Order

SveskeDyret Terran - Winner!

Build Orders: Banshee Rush 

Get SALT Encoding   

  12  0:01  SCV  
  13  0:13  SCV  
  14  0:18  Supply Depot  
  14  0:25  SCV  
  15  0:39  SCV  
  15  0:40  Barracks  
  16  0:48  Refinery  
  16  0:51  SCV  
  17  0:59  Refinery  
  17  1:03  SCV  
  18  1:15  SCV  
  19  1:27  Supply Depot  
  19  1:28  Orbital Command  
  19  1:29  Reaper  
  20  1:54  Factory  
  20  1:58  SCV  
  21  2:10  SCV  
  22  2:22  SCV  
  23  2:28  Command Center  
  23  2:34  SCV  
  24  2:46  SCV  
  25  2:52  Factory Tech Lab  
  25  2:53  Starport  
  25  2:57  Marine  
  27  2:58  SCV  
  27  3:05  Supply Depot  
  27  3:10  SCV  
  28  3:22  SCV  
  29  3:34  SCV  
  29  3:35  Marine  
  29  3:41  Factory Tech Lab, Refinery  
  31  3:42  Cloaking Field, Banshee  
  31  3:46  SCV  
  31  3:48  Supply Depot  
  35  3:52  Orbital Command  
  35  3:53  Marine  
  36  3:59  SCV  
  36  4:01  Siege Tank  
  40  4:07  Refinery  
  40  4:12  SCV  
  41  4:23  SCV  
  42  4:24  SCV  
  42  4:25  Banshee  
  42  4:30  Barracks  
  46  4:35  SCV  
  47  4:42  SCV  
  47  4:48  SCV  
  48  5:00  Bunker  
  48  5:02  Bunker  
  48  5:11  SCV x2  
  48  5:23  SCV  
  45  5:28  Marine x2  
  36  5:41  SCV  
  27  5:46  Marine  
  28  5:53  SCV, Supply Depot  
  28  5:55  SCV  
  28  6:04  Marine  
  28  6:06  SCV  
  28  6:08  SCV  
  31  6:22  Marine  
  32  6:26  Factory Tech Lab  
  32  6:28  Starport Tech Lab  
  32  6:29  SCV x2  
  34  6:40  Marine  
  34  6:41  SCV x2  
  37  6:53  SCV x2  
  39  6:54  Command Center  
  39  7:01  Barracks  
  36  7:09  SCV x2  
  38  7:21  SCV  
  38  7:22  Command Center  
  39  7:26  Command Center, Medivac  
  39  7:27  Siege Tank  
  44  7:30  Barracks Reactor  
  44  7:39  Engineering Bay  
  44  7:49  Barracks  
  44  7:56  SCV x2  
  46  8:00  Barracks Reactor  
  46  8:08  SCV x2  
  46  8:09  Orbital Command  
  48  8:20  SCV  
  48  8:24  Marine x2  
  54  8:27  Siege Tank  
  54  8:32  Refinery  
  51  8:37  Barracks  
  51  8:41  Marine  
  51  8:42  Marine  
  51  8:43  Marine  
  51  8:44  Marine  
  51  8:46  Barracks Tech Lab  
  54  8:58  Refinery  
  54  8:59  Marine x2  
  53  9:06  Marine x3  
  53  9:08  Siege Tank  
  59  9:10  Medivac  
  59  9:12  Orbital Command x2  
  61  9:17  Marine, Starport  
  61  9:18  Starport  
  61  9:22  Terran Infantry Weapons Level 1  
  62  9:25  Marauder  
  62  9:27  Engineering Bay  
  62  9:30  SCV x3  
  67  9:40  Medivac  
  67  9:41  Siege Tank  
  67  9:42  SCV x3  
  75  9:46  Marauder  
  75  9:49  Missile Turret  
  77  9:54  SCV x2  
  77  9:55  SCV  
  77  9:57  Marine x3  
  77  9:58  Marine  
  84  10:04  Starport Reactor  
  84  10:06  SCV x2  
  86  10:08  Marauder  
  86  10:10  Barracks Tech Lab, Supply Depot  
  86  10:11  Stimpack  
  88  10:15  Marine x3, Starport Reactor  
  88  10:16  Marine  
  92  10:23  Orbital Command  
  92  10:29  Marauder  
  92  10:30  Supply Depot  
  92  10:33  Marine x3  
  92  10:34  Marine  
  98  10:39  Terran Infantry Armor Level 1  
  98  10:45  Supply Depot  
  98  10:48  SCV x3  
  98  10:49  Marine  
  101  10:50  Marauder, Sensor Tower  
  101  10:51  Marine, Medivac x3  
  101  10:52  Supply Depot  
  101  10:56  Orbital Command  
  111  11:02  SCV x2  
  111  11:03  Marine x2  
  111  11:04  Marine  
  116  11:07  SCV  
  116  11:08  Marine, Marauder  
  116  11:10  Supply Depot  
  120  11:11  Combat Shield  
  120  11:12  Marauder  
  120  11:16  Medivac x2  
  126  11:21  Marine x3, Medivac  
  131  11:26  Marine  
  131  11:29  Marauder  
  134  11:33  Marauder, Supply Depot  
  136  11:45  Marine x2  
  136  11:46  Marine x2, Refinery  
  140  11:51  Marauder  
  142  11:55  Marauder, Siege Tank  
  142  11:56  Medivac  
  149  12:03  Marine x3  
  149  12:04  Marine  
  149  12:05  Armory  
  149  12:07  SCV x2  
  155  12:09  Refinery  
  155  12:14  Supply Depot  
  155  12:20  Supply Depot  
  155  12:23  Supply Depot  
  155  12:35  Marine x4, Medivac  
  155  12:36  Marauder, Supply Depot  
  163  12:42  Concussive Shells, Marauder, Siege Tank  
  163  12:43  Supply Depot  
  168  12:46  Supply Depot  
  168  12:53  Marine x4  
  168  12:57  Marauder  
  174  12:59  Supply Depot  
  174  13:04  Marauder  
  176  13:11  Marine x4  
  180  13:18  Marauder, Terran Infantry Weapons Level 2  
  180  13:19  Terran Infantry Armor Level 2  
  182  13:23  Supply Depot  
  182  13:25  Marauder  
  184  13:29  Marine x4  
  184  13:33  Raven  
  190  13:40  Marauder  
  192  13:46  Marine, Marauder  
  144  14:01  Marauder  
  137  14:07  Marine x4  
  137  14:08  Marauder  
  129  14:16  Raven  
  125  14:23  Marauder  
  107  14:25  Marine x4  
  107  14:29  Marauder  
  96  14:31  Medivac x2  
  96  14:32  Medivac x2  
  88  14:42  Marine  
  88  14:43  Marine x3  
  88  14:44  Marauder  
  91  14:50  Marine  
  90  14:55  Barracks  
  90  14:59  Medivac  
  91  15:00  Marine  
  91  15:01  Marine x3, Medivac x2  
  91  15:02  Medivac x2  
  91  15:05  Marine  
  92  15:08  Marauder  
  82  15:18  Marine  
  82  15:19  Marine x3  
  79  15:22  Missile Turret  
  79  15:23  Marauder  
  79  15:24  Terran Vehicle And Ship Armor Level 1  
  76  15:29  Liberator  
  76  15:30  Marauder, Liberator  
  76  15:31  Liberator  
  76  15:32  Liberator  
  72  15:36  Marine x3, Terran Infantry Weapons Level 3, Terran Infantry Armor Level 3  
  72  15:37  Marine  
  68  15:44  Barracks  
  68  15:45  Marauder, Liberator  
  70  15:51  Reaper  
  70  15:52  Marine  
  70  15:54  Marine x4  
  72  16:10  Marine  
  73  16:12  Marine x2, Liberator x2  
  73  16:14  Liberator x2  
  75  16:23  Marine  
  73  16:27  Marine  
  73  16:29  Marine, Missile Turret  
  73  16:30  Marine  
  73  16:32  Barracks  
  71  16:45  Marine  
  67  16:47  Marine  
  67  16:48  Marine  
  67  16:50  Missile Turret  
  68  16:55  Liberator x2  
  68  16:57  Liberator x2  
  68  17:03  Marine  
  68  17:05  Marine  
  68  17:06  Marine  
  83  17:18  Terran Vehicle Weapons Level 1  
  83  17:20  Barracks  
  83  17:21  Marine  
  84  17:23  Marine x2  
  86  17:36  Barracks Reactor  
  86  17:38  Barracks  
  86  17:39  Marine  
  86  17:41  Marine x2  
  86  17:44  Barracks  
  89  17:57  Marine  
  90  17:58  Marine  
  90  17:59  Marine  
  92  18:10  Barracks Reactor  
  92  18:14  Marine  
  92  18:15  Barracks  
  92  18:16  Marine  
  92  18:17  Marine  
  95  18:22  Marine x2  
  95  18:25  Command Center  
  97  18:31  Supply Depot  
  97  18:32  Marine, Barracks  
  97  18:33  Barracks Reactor  
  98  18:34  Marine  
  98  18:35  Marine  
  98  18:40  Marine, Refinery  
  101  18:49  Marine x3  
  101  18:52  Marine x2  
  107  18:57  Marine x2  
  109  19:04  Barracks, Barracks Reactor  
  109  19:06  Marine  
  109  19:07  Marine x2  
  109  19:08  Marine  
  109  19:09  Marine  
  113  19:10  Marine x2, Medivac x2  
  113  19:11  Barracks Reactor, Medivac x3  
  113  19:15  Marine x2, Orbital Command  
  127  19:19  Barracks  
  127  19:24  Marine x3  
  127  19:26  Marine x2  
  127  19:27  Marine  
  127  19:28  Marine  
  134  19:33  Marine x2  
  136  19:38  Command Center  
  136  19:42  Marine x2  
Tags
 
Add a new tag
Caveats
  • Supply blocks, unpowered buildings, or Contaminate may cause inaccurate times.
  • Supply counts are checked every 10 seconds.